AoeStats
← Rashedul

Arena

508434172Analyzed
4v4 RM · 10d ago on Sep 22, 2026· 56m 28s· 8 players
Game mode
Random Map
Map size
Large (8 player)
Population
200
Speed
Normal
Resources
Standard
Victory
Conquest
Starting age
Dark Age
Ending age
Imperial Age
RankedLock teamsTeams togetherTeam positionsShared explorationLock speedFull tech treeHidden civsTurbo modeCheats
Victory
Defeat
🇯🇵 Khmer · Japan
983
+15
🇳🇿 Magyars · New Zealand
963
+16
🇦🇺 Teutons · Australia
942
+17
936
+18
🇨🇳 Jurchens · China
980
-17
🇨🇦 Bohemians · Canada
976
-17
🇫🇷 Huns · France
960
-16
🇹🇷 Japanese · Türkiye
945
-16
Sarder King
10:48 Feudal Age
12:31 Loom
15:28 Castle Age
14:11 Double-Bit Axe
14:40 Horse Collar
22:49 Scale Mail Armor
23:48 Fletching
29:11 Wheelbarrow
29:10 Bodkin Arrow
29:16 Padded Archer Armor
33:56 Imperial Age
31:47 Gold Mining
32:36 Masonry
33:50 Hand Cart
33:52 Bloodlines
36:31 Conscription
38:17 Bow Saw
39:19 Scale Barding Armor
39:24 Forging
39:29 Leather Archer Armor
38:36 Elite Skirmisher
40:39 Crenellations
40:55 Hoardings
40:40 Conscription
44:06 Chemistry
43:27 Ballistics
43:49 Chain Barding Armor
43:52 Heavy Scorpion
46:28 Ring Archer Armor
45:51 Cavalier
55:39 Siege Engineers
55:45 Fortified Wall
HD
4:09 Loom
11:35 Feudal Age
15:15 Castle Age
15:01 Double-Bit Axe
15:22 Horse Collar
21:19 Bow Saw
23:08 Wheelbarrow
23:06 Gold Mining
25:05 Hand Cart
26:39 Gold Shaft Mining
26:08 Heavy Plow
26:06 Stone Mining
26:35 Scale Barding Armor
26:42 Forging
29:08 Imperial Age
28:19 Chain Barding Armor
28:23 Ballistics
28:14 Fortified Wall
29:11 Iron Casting
30:27 Stone Shaft Mining
30:43 Plate Barding Armor
31:11 Chemistry
30:08 Murder Holes
30:23 Masonry
30:20 Siege Engineers
33:26 Blast Furnace
32:17 Fletching
33:30 Husbandry
33:41 Bloodlines
32:53 Elite Battle Elephant
34:17 Tusk Swords
34:38 Conscription
35:38 Double Crossbow
34:59 Elite Ballista Elephant
35:59 Bodkin Arrow
37:41 Hoardings
36:33 Elite Battle Elephant
37:24 Bloodlines
37:57 Bracer
37:59 Scale Mail Armor
37:59 Padded Archer Armor
48:16 Chain Mail Armor
48:17 Leather Archer Armor
48:35 Architecture
56:21 Ring Archer Armor
55:25 Sappers
Rashedul
12:01 Feudal Age
16:14 Castle Age
14:10 Double-Bit Axe
14:32 Horse Collar
21:53 Pikeman
24:08 Bow Saw
23:57 Loom
25:57 Wheelbarrow
25:26 Heavy Plow
25:47 Town Watch
27:02 Scale Mail Armor
32:20 Imperial Age
30:08 Corvinian Army
30:46 Chain Mail Armor
30:38 Scale Barding Armor
30:55 Fletching
31:06 Padded Archer Armor
31:44 Hand Cart
31:50 Bloodlines
35:45 Arson
36:17 Gold Mining
36:18 Stone Mining
38:03 Elite Magyar Huszar
39:51 Conscription
40:14 Bodkin Arrow
43:00 Hoardings
42:23 Murder Holes
42:49 Ballistics
43:31 Chemistry
43:21 Siege Engineers
43:26 Halberdier
44:45 Bracer
45:01 Leather Archer Armor
45:02 Elite Skirmisher
46:54 Two-Man Saw
46:26 Crop Rotation
46:21 Husbandry
49:23 Ring Archer Armor
50:59 Gold Shaft Mining
51:22 Masonry
52:02 Chain Barding Armor
51:10 Onager
51:12 Capped Ram
52:28 Caravan
54:23 Plate Barding Armor
55:27 Guard Tower
WH学院没有弹道学
11:09 Feudal Age
11:41 Double-Bit Axe
11:40 Horse Collar
20:38 Castle Age
20:03 Gold Mining
20:28 Scale Barding Armor
23:34 Wheelbarrow
22:45 Loom
23:43 Bow Saw
25:01 Town Watch
25:16 Stone Mining
26:20 Forging
27:39 Grand Trunk Road
29:41 Bloodlines
29:32 Husbandry
32:48 Imperial Age
32:41 Chain Barding Armor
32:56 Iron Casting
32:27 Padded Archer Armor
33:17 Heavy Camel Rider
34:36 Plate Barding Armor
34:24 Conscription
35:46 Leather Archer Armor
36:39 Chemistry
38:45 Blast Furnace
39:36 Imperial Camel Rider
42:11 Gold Shaft Mining
42:45 Hand Cart
42:34 Town Patrol
48:19 Leather Archer Armor
48:29 Ballistics
48:20 Masonry
Rage of Khorne
0:44 Loom
10:29 Feudal Age
11:48 Double-Bit Axe
13:40 Horse Collar
19:08 Castle Age
20:36 Heavy Plow
20:49 Bow Saw
24:38 Wheelbarrow
26:25 Hand Cart
26:24 Fervor
28:58 Chemistry
30:03 Padded Archer Armor
38:12 Fletching
38:37 Leather Archer Armor
38:33 Forging
38:24 Scale Mail Armor
39:04 Pikeman
39:44 Squires
39:30 Arson
41:17 Ballistics
43:34 Imperial Age
43:24 Chain Mail Armor
43:44 Iron Casting
43:02 Elite Skirmisher
45:23 Plate Mail Armor
44:48 Bodkin Arrow
45:24 Ring Archer Armor
45:14 Siege Engineers
46:56 Halberdier
48:52 Blast Furnace
47:53 Bracer
48:30 Conscription
48:15 Wagenburg Tactics
49:26 Houfnice
张益达
11:41 Feudal Age
16:02 Castle Age
15:07 Double-Bit Axe
17:19 Bow Saw
18:47 Wheelbarrow
18:46 Horse Collar
21:52 Stone Mining
22:33 Loom
23:46 Gold Mining
25:20 Town Watch
27:50 Gold Shaft Mining
30:58 Imperial Age
29:26 Scale Barding Armor
29:31 Forging
29:55 Bloodlines
29:47 Husbandry
30:36 Treadmill Crane
31:05 Siege Engineers
31:43 Hand Cart
32:22 Conscription
31:34 Light Cavalry
33:25 Elite Fire Lancer
36:24 Squires
36:28 Scale Mail Armor
37:05 Iron Casting
37:44 Two-Man Saw
37:05 Caravan
39:47 Chemistry
39:08 Ballistics
41:34 Devotion
42:02 Illumination
42:43 Gold Shaft Mining
42:45 Stone Shaft Mining
43:11 Blast Furnace
42:32 Chain Barding Armor
42:29 Chain Mail Armor
42:12 Murder Holes
42:29 Fortified Wall
42:30 Masonry
43:34 Town Patrol
44:50 Hoardings
44:42 Arson
45:24 Heavy Rocket Cart
51:30 Block Printing
52:05 Architecture
52:43 Heavy Plow
55:40 Plate Barding Armor
ENVY
3:09 Loom
13:42 Feudal Age
14:12 Town Watch
14:24 Horse Collar
14:33 Double-Bit Axe
15:48 Wheelbarrow
23:16 Castle Age
21:40 Arson
23:56 Pikeman
24:37 Squires
26:32 Squires
34:15 Ballistics
34:16 Forging
34:07 Scale Mail Armor
36:31 Treadmill Crane
39:17 Bow Saw
42:04 Town Patrol
44:28 Hand Cart
47:38 Murder Holes
49:55 Caravan
52:32 Heavy Plow
ravi0licru
8:55 Loom
10:52 Feudal Age
14:56 Castle Age
13:36 Double-Bit Axe
14:56 Gold Mining
15:59 Town Watch
16:49 Wheelbarrow
16:10 Fletching
21:07 Bodkin Arrow
22:07 Padded Archer Armor
22:50 Horse Collar
25:37 Ballistics
25:49 Bloodlines
26:33 Husbandry
27:24 Heavy Plow
27:44 Leather Archer Armor
29:04 Thumb Ring
29:14 Stone Mining
29:49 Bow Saw
37:37 Imperial Age
38:54 Parthian Tactics
40:03 Chemistry
39:14 Masonry
39:49 Murder Holes
40:27 Conscription
41:25 Bracer
42:45 Gold Shaft Mining
43:26 Heavy Cavalry Archer
49:35 Hand Cart
52:13 Guilds
Connection lost

Rejoining the realm…

Still unreachable

The connection could not be restored.

Session expired

The server has moved on; the page needs a fresh start.